 Dungeon Crawl Stone Soup version 0.24.0-1-gfbc8707122 (webtiles) character file.

Game seed: 11992228012159596895, levelgen mode: deterministic

80 Mrkan the Chopper (level 4, 0/40 HPs)
             Began as a Hill Orc Fighter on Oct 27, 2019.
             Slain by a water moccasin (3 damage)
             ... on level 1 of the Dungeon.
             The game lasted 00:03:33 (1882 turns).

Mrkan the Chopper (Hill Orc Fighter)                Turns: 1882, Time: 00:03:34

Health: 0/40       AC:  8    Str: 24    XL:     4   Next: 39%
Magic:  4/4        EV:  7    Int:  8    God:
Gold:   106        SH:  9    Dex: 10    Spells: 3/3 levels left

rFire    . . .     SeeInvis .   a - +0 war axe
rCold    . . .     Gourm    .   c - +0 shield
rNeg     . . .     Faith    .   b - +0 scale mail
rPois    .         Spirit   .   (no helmet)
rElec    .         Reflect  .   (no cloak)
rCorr    .         Harm     .   (no gloves)
MR       .....                  y - +0 pair of boots
Stlth    ..........             (no amulet)
HPRegen  0.13/turn              (no ring)
MPRegen  0.09/turn              (no ring)

@: mighty, lethally poisoned (0 -> -24)
A: no striking features
a: no special abilities


You were on level 1 of the Dungeon.
You were not hungry.

You visited 1 branch of the dungeon, and saw 2 of its levels.

You collected 106 gold pieces.

Inventory:

Hand Weapons
 a - a +0 war axe (weapon)
Missiles
 t - 8 javelins (quivered)
Armour
 b - a +0 scale mail (worn)
 c - a +0 shield (worn)
 y - a +0 pair of boots (worn)
Jewellery
 l - a cursed ring of attention {unknown}
Wands
 A - a wand of polymorph (6)
Scrolls
 e - a scroll of immolation {unknown}
 g - 2 scrolls of fog {unknown}
 h - 2 scrolls of teleportation {unknown}
 i - a scroll of amnesia {unknown}
 j - a scroll of blinking {unknown}
 m - a scroll of fear {unknown}
 n - a scroll of enchant armour {unknown}
 o - 2 scrolls of magic mapping {unknown}
 s - 2 scrolls of identify {unknown}
 w - a scroll of remove curse {unknown}
 x - a scroll of enchant weapon {unknown}
Potions
 k - a potion of magic {unknown}
 p - a potion of cancellation {unknown}
 q - 2 potions of flight {unknown}
 r - a potion of invisibility {unknown}
 u - a potion of curing {unknown}
 v - a potion of degeneration {unknown}
Comestibles
 f - 4 rations


   Skills:
 + Level 4.2 Fighting
 * Level 4.3 Axes
 + Level 3.8 Armour
 + Level 3.8 Shields


You had 3 spell levels left.
You didn't know any spells.
Your spell library was empty.

Dungeon Overview and Level Annotations

Branches:
Dungeon (2/15)

Altars:


Message History

You are lethally poisoned!
The water moccasin poisons you!
Your shield prevents you from hitting the water moccasin.
* * * LOW HITPOINT WARNING * * *
You feel sick.
The water moccasin bites you but does no damage. x2
You closely miss the water moccasin.
* * * LOW HITPOINT WARNING * * *
You feel sick.
The water moccasin bites you but does no damage.
The water moccasin bites you.
* * * LOW HITPOINT WARNING * * *
You are more poisoned.
The water moccasin poisons you!
You hit the water moccasin.
The water moccasin is lightly wounded.
* * * LOW HITPOINT WARNING * * *
You feel very sick. The water moccasin bites you.
You die...

#...#........###.#############
#...#.###≈≈≈≈≈≈.≈≈≈## ##
#.###.##≈≈≈≈≈≈.≈≈≈≈≈## #.
#.###.#≈≈≈≈≈≈≈.≈≈≈≈≈≈## #.
#.....≈≈≈8≈≈≈≈≈.≈≈8≈≈≈# #.
#####.≈≈≈≈≈≈≈≈≈≈.≈≈≈≈≈#######.
#.≈≈≈≈≈≈≈≈≈≈.≈≈≈≈≈.[......
##≈≈≈≈≈≈≈≈S≈.≈≈≈≈≈.######.
#≈≈≈≈≈≈≈@..≈≈≈≈≈≈........
#≈≈≈≈≈≈..<≈≈≈≈≈≈≈......##
#≈≈≈≈≈.≈≈≈≈≈≈≈≈≈≈#.....#.
#≈≈≈≈≈.≈≈≈≈≈≈≈≈≈≈......#.
#≈≈≈≈≈.≈≈≈≈≈≈≈≈≈≈....()#.
#≈≈≈8≈≈.≈≈≈≈≈8≈≈≈#.....#.
##≈≈≈≈≈≈.≈≈≈≈≈≈≈##.......
##≈≈≈≈≈.≈≈≈≈≈≈#####.####
##≈≈≈.≈≈≈≈≈≈######.....


You could see a water moccasin.

Vanquished Creatures
  4 adders (D:2)
  2 worms (D:2)
  3 leopard geckos
  2 giant cockroaches (D:1)
  6 goblins
  4 hobgoblins
  A ball python (D:1)
  6 bats
  2 frilled lizards (D:1)
  7 kobolds
  2 rats (D:1)
39 creatures vanquished.

Notes
Turn   | Place    | Note
-------+----------+-------------------------------------------
     0 | D:1      | Mrkan the Hill Orc Fighter began the quest for the Orb.
     0 | D:1      | Reached XP level 1. HP: 19/19 MP: 1/1
   257 | D:1      | Reached XP level 2. HP: 27/27 MP: 2/2
   791 | D:1      | Reached XP level 3. HP: 33/33 MP: 3/3
  1217 | D:2      | Reached XP level 4. HP: 20/40 MP: 4/4
  1258 | D:2      | Noticed an ice beast
  1869 | D:2      | Noticed a water moccasin
  1869 | D:2      | an ice beast changed into a water moccasin
  1882 | D:1      | Slain by a water moccasin

Levels and vault maps discovered:
D:1:      nzn_arrival_water_spiral, layout_basic, minmay_three_crescents
D:2:      layout_loops_ring, first_ration

Skill      XL: |  1  2  3 |
---------------+----------+-----
Axes           | 3 4 |  4.3
Fighting       | 4 |  4.2
Armour         | |  3.8
Shields        | |  3.8

Action                   |  1- 3 |  4- 6 || total
-------------------------+-------+-------++-------
Melee: War axe           |   114 |    51 ||   165
Evoke: Wand              |       |     3 ||     3
  Use: Potion            |       |     1 ||     1
  Eat: Chunk             |     1 |     2 ||     3
Armor: Scale mail        |    53 |    15 ||    68
Dodge: Dodged            |    38 |    14 ||    52
Block: Shield            |    71 |    33 ||   104
